 Dungeon Crawl Stone Soup version 0.29.0-11-gd7f09526c8 (webtiles) character file.

Game seed: 16098145713839362613

147 iguanaiguana the Covered (level 5, 0/47 HPs)
             Began as a Minotaur Fighter on Sept 6, 2022.
             Killed by nerve-wracking pain
             ... invoked by an orc priest
              (10 damage)
             ... on level 3 of the Dungeon.
             The game lasted 00:01:41 (2524 turns).

iguanaiguana the Covered (Minotaur Fighter)         Turns: 2524, Time: 00:01:42

Health: 0/47       AC: 14    Str: 23    XL:     5   Next: 8%
Magic:  4/4        EV:  6    Int:  5    God:
Gold:   90         SH:  4    Dex:  9    Spells: 4/4 levels left

rFire   . . .      SeeInvis .   a - +0 war axe
rCold   . . .      Faith    .   c - +0 buckler
rNeg    . . .      Spirit   .   r - +0 plate armour
rPois   .          Reflect  .   (helmet restricted)
rElec   .          Harm     .   b - +0 cloak
rCorr   .          Rampage  .   j - +0 pair of gloves
Will    .....                   (no boots)
Stlth   ..........              (no amulet)
HPRegen 0.15/turn               (no ring)
MPRegen 0.09/turn               (no ring)

@: no status effects
A: horns 2, retaliatory headbutt
a: no special abilities


You were on level 3 of the Dungeon.
You visited 1 branch of the dungeon, and saw 3 of its levels.

You collected 90 gold pieces.

Inventory:

Hand Weapons
 a - a +0 war axe (weapon)
Missiles
 f - 3 poisoned darts (quivered)
Armour
 b - a +0 cloak (worn)
 c - a +0 buckler (worn)
 j - a +0 pair of gloves (worn)
 r - a +0 plate armour (worn)
Wands
 n - a wand of digging (3) {@v3}
Scrolls
 g - a scroll of fog {unknown}
 h - a scroll of identify {unknown}
 o - a scroll of teleportation {unknown}
 p - a scroll of enchant weapon {unknown}
 q - a scroll of summoning {unknown}
 s - a scroll of blinking {unknown}
Potions
 d - 3 potions of might {@q3}
 e - 2 potions of flight {unknown}
 i - 3 potions of curing {unknown}
 k - a potion of resistance {unknown}
 l - 2 potions of ambrosia {unknown}
 m - a potion of magic {unknown}
 t - a potion of haste {unknown}


   Skills:
 + Level 4.4 Fighting
 * Level 4.4 Axes
 + Level 4.5 Armour
 + Level 4.4 Shields


You had 4 spell levels left.
You didn't know any spells.
Your spell library contained the following spells:

 Spells                   Type           Power      Damage    Failure   Level
 Ensorcelled Hibernation  Hex/Ice        0%         N/A       100%        2
 Spider Form              Tmut/Pois      0%         N/A       100%        3
 Anguish                  Hex/Necr       0%         N/A       100%        4


Dungeon Overview and Level Annotations

Branches:
Dungeon (3/15) Zot: 15426

Altars:
Dithmenos


Innate Abilities, Weirdness & Mutations

You have a pair of horns on your head.
You reflexively headbutt those who attack you in melee.


Message History

You hit the orc priest.
The orc priest is severely wounded.
You barely miss the orc priest.
The orc priest calls upon Beogh to heal the orc priest.
The orc priest is healed somewhat.
The orc priest hits you with a +0 whip.
The orc priest hits you with a +0 dagger.
* * * LOW HITPOINT WARNING * * *
You hit the orc priest.
You kill the orc priest!
You barely miss the orc priest.
You have reached level 5!
You barely miss the orc priest.
The orc priest is lightly wounded.
You hit the orc priest.
The orc priest is heavily wounded.
You hit the orc priest but do no damage.
The orc priest is heavily wounded.
You headbutt the orc priest, but do no damage.
You closely miss the orc priest.
The orc priest is moderately wounded.
You barely miss the orc priest.
The orc priest is moderately wounded.
The orc priest mumbles some strange prayers to Beogh against you.
Beogh smites you!
* * * LOW HITPOINT WARNING * * *
You closely miss the orc priest.
The orc priest is moderately wounded.
You hit the orc priest but do no damage.
The orc priest is severely wounded.
A bat comes into view.
You headbutt the orc priest, but do no damage.
You hit the orc priest but do no damage.
The orc priest is severely wounded.
You closely miss the orc priest.
The orc priest is severely wounded.
You hit the bat.
You kill the bat!
The orc priest mumbles some strange prayers to Beogh against you.
Pain shoots through your body!
You die...

#.#......†..##.# #.# #.#
#†##..####..##.## #.#
#.##.# #.##............#
#.#.#.##.####
.........#..##.##
#............
#.#.........##.#
#.#.#.##.##.#
#.#...##.##.##.#
#.#.#.##.##.#
......##.##<##.#
#............ #.....##
##.##.######.#.#.##.##..
#.....#
#.##.<@)....#.#...oo.?.
.......
..##...o........##.##.#
#.....##
..##.....#..#.####.##.#
#.....#..#.# #.##.#
#.....# # ##.....#..#.#
#.##o# #.....# #.
#.........#.# #.##o#
......# .#..#.............
#.##.#
#.....##.#..#.........#.##
#.##o#
#.....)...................
...


You could see an orc priest.

Vanquished Creatures
  Crazy Yiuf (D:2)
  An orc priest (D:3)
  2 adders
  A worm (D:3)
  2 dart slugs
  3 orcs (D:2)
  8 endoplasms
  3 giant cockroaches
  6 goblins
  7 hobgoblins
  3 jackals (D:1)
  4 ball pythons
  6 bats
  2 frilled lizards (D:1)
  4 kobolds
  4 rats
57 creatures vanquished.

Notes
Turn   | Place    | Note
-------+----------+-------------------------------------------
     0 | D:1      | iguanaiguana the Minotaur Fighter began the quest for the
                  | Orb.
     0 | D:1      | Reached XP level 1. HP: 19/19 MP: 0/0
   300 | D:1      | Reached XP level 2. HP: 27/27 MP: 1/1
   560 | D:1      | Found a faded altar of an unknown god.
   840 | D:1      | Reached XP level 3. HP: 33/33 MP: 2/2
  1398 | D:2      | Found a runed translucent door.
  1399 | D:2      | Noticed Crazy Yiuf
  1835 | D:2      | Killed Crazy Yiuf
  1836 | D:2      | Reached XP level 4. HP: 5/40 MP: 0/3
  2176 | D:3      | Found a shadowy altar of Dithmenos.
  2516 | D:3      | Reached XP level 5. HP: 22/47 MP: 4/4
  2524 | D:3      | Killed from afar by an orc priest

Illustrated notes

Levels and vault maps discovered:
D:1:      dpeg_arrival_rhombi, layout_basic,
          dreamdust_ecumenical_altar_angels_and_demons, minmay_pentomino_t2
D:2:      layout_loops_cross, minmay_circle_x, uniq_crazy_yiuf_cottage
D:3:      layout_basic, amcnicky_altar_gilded, nicolae_underground_beach

Skill      XL: |  1  2  3 |
---------------+----------+-----
Axes           | 3 4 |  4.4
Armour         | 4 |  4.5
Shields        | 4 |  4.4
Fighting       | 4 |  4.4

Action                   |  1- 3 |  4- 6 || total
-------------------------+-------+-------++-------
Melee: War axe           |    90 |    40 ||   130
       Headbutt          |    11 |     4 ||    15
Armor: Scale mail        |    25 |       ||    25
       Plate armour      |     2 |    26 ||    28
Dodge: Dodged            |    39 |    11 ||    50
Block: Buckler           |    23 |    12 ||    35
